 Dungeon Crawl Stone Soup version 0.17-a0-1718-g72dbe4d (webtiles) character file.

117 KambridgeKobold the Magician (level 4, -1/24 HPs)
             Began as a Deep Elf Wizard on Aug 26, 2015.
             Slain by Sigmund
             ... wielding a +0 scythe
              (8 damage)
             ... on level 3 of the Dungeon.
             The game lasted 00:11:12 (2637 turns).

KambridgeKobold the Magician (Deep Elf Wizard)      Turns: 2637, Time: 00:11:12

Health: -1/24      AC:  3    Str:  5    XL:     4   Next: 71%
Magic:  5/13       EV: 12    Int: 23    God:
Gold:   61         SH:  0    Dex: 13    Spells: 4 memorised, 5 levels left

rFire  . . .     SeeInvis .     v - +3 dagger (flame)
rCold  . . .     Clarity  .     a - +0 robe
rNeg   . . .     SustAt   .     (no shield)
rPois  .         Gourm    .     b - +0 hat
rElec  .         Spirit   .     (no cloak)
rCorr  .         Warding  .     p - +1 pair of gloves
rMut   .         Stasis   .     r - -2 pair of boots (curse)
MR     .....                    (no amulet)
Stlth  ++........               (no ring)
                                (no ring)

@: very slightly contaminated, not resistant to hostile enchantments, unstealthy
A: no striking features
a: no special abilities


You were on level 3 of the Dungeon.
You were very hungry.

You visited 1 branch of the dungeon, and saw 3 of its levels.

You collected 61 gold pieces.

Inventory:

Hand weapons
 h - a +0 hunting sling
 i - a +0 short sword
 j - a +0 whip
 v - a +3 dagger of flaming (weapon)
Missiles
 n - 130 stones (quivered)
 q - 14 sling bullets
Armour
 a - a +0 robe (worn)
 b - a +0 hat (worn)
 p - a +1 pair of gloves (worn)
 r - a cursed -2 pair of boots (worn)
 u - a +0 pair of boots
Jewellery
 e - an uncursed ring of sustain attributes
Scrolls
 l - 2 scrolls of immolation
 t - a scroll of amnesia {unknown}
 x - a scroll of teleportation
 y - 3 scrolls of identify
 A - a scroll of remove curse {unknown}
Potions
 f - a potion of curing {unknown}
 k - a potion of cancellation {unknown}
 m - a potion of ambrosia {unknown}
 s - 2 potions of heal wounds
 z - a potion of invisibility {unknown}
Books
 c - a book of Minor Magic

   Spells                             Type                      Level
   a - Magic Dart                     Conjuration                  1
   b - Blink                          Translocation                2
   c - Call Imp                       Summoning                    2
   d - Repel Missiles                 Charms/Air                   2
   e - Slow                           Hexes                        2
   f - Conjure Flame                  Conjuration/Fire             3
   g - Mephitic Cloud                 Conjuration/Poison/Air       3
Comestibles
 d - 3 bread rations
 g - 2 slices of pizza
 o - a meat ration
 w - a beef jerky


   Skills:
 - Level 2.4 Dodging
 - Level 2.4 Stealth
 - Level 5.0 Spellcasting
 + Level 3.8 Conjurations
 - Level 1.1 Summonings
 + Level 2.8 Translocations


You had 5 spell levels left.
You knew the following spells:

 Your Spells              Type           Power        Failure   Level  Hunger
a - Magic Dart            Conj           ###.         1%          1    None
b - Blink                 Tloc           N/A          4%          2    None
c - Call Imp              Summ           ##......     12%         2    None
d - Mephitic Cloud        Conj/Pois/Air  ##......     17%         3    ##.....


Dungeon Overview and Level Annotations

Branches:
Dungeon (3/15)

Altars:
Gozag
Makhleb

Shops:
D:3 *

Portals:
Sewer: D:3

Annotations:
D:3 Sigmund


Message History

You hit the adder. You burn the adder.
The adder is almost dead.
You are feeling very hungry.
The bat barely misses your crimson imp.
The bat hits your crimson imp but does no damage.
The adder closely misses you. Something hits you!
Ouch! That really hurt!
* * * LOW HITPOINT WARNING * * *
The adder bites you but does no damage.
Your crimson imp misses the bat.
The bat barely misses your crimson imp.
Your crimson imp misses the adder.
Something closely misses your crimson imp.
Your crimson imp blinks!
You swap places.
The adder bites your crimson imp but does no damage.
Your crimson imp hits the adder.
The adder dies!
Your crimson imp misses the bat.
The bat misses your crimson imp.
Your crimson imp hits something.
Something hits you!
You die...

*,,,******,,,,,*,**,,,,,,,,*,,,,,
#..<# *,,,,,,,##,,,,,,,,*,*,,*
#...* *,,,,,,,.#*******,,,,,,*
#...* *..,,,**.#*,,>,,,,,,*,,,
*...* *#.,****.##,************
*#.#* #.,*,,,..,*,* ##.###
#.,,,**.#*,** .....##
#.#####.#*** ......# #...†5@.#
.#.#..# ####.5.#####
[.....###..........#
.#........#######.##
.#....###.#ss≈S≈#.# ......#
#.+≈≈∩≈≈#.# ...$..# #.#≈≈≈≈≈#.#
##..### #.#######.# .....*
#.........#


You could see a giant cockroach and 2 friendly crimson imps.

Vanquished Creatures
  Jessica (D:2)
  3 adders (D:2)
  2 oozes (D:1)
  A worm (D:2)
  9 bats
  2 giant cockroaches (D:1)
  5 hobgoblins
  6 kobolds
  5 goblins
  5 rats
39 creatures vanquished.

Vanquished Creatures (collateral kills)
  An adder (D:3)
  A worm (D:3)
  An orc (D:3)
  A bat (D:3)
  A hobgoblin (D:3)
  2 kobolds (D:3)
7 creatures vanquished.

Grand Total: 46 creatures vanquished

Notes
Turn   | Place    | Note
--------------------------------------------------------------
     0 | D:1      | KambridgeKobold the Deep Elf Wizard began the quest for the Orb.
     0 | D:1      | Reached XP level 1. HP: 10/10 MP: 7/7
   431 | D:1      | Reached XP level 2. HP: 15/15 MP: 0/9
   436 | D:1      | Learned a level 2 spell: Blink
   824 | D:1      | Reached skill level 5 in Spellcasting
   828 | D:1      | Learned a level 2 spell: Call Imp
  1255 | D:1      | Reached XP level 3. HP: 19/19 MP: 6/11
  1828 | D:2      | Reached XP level 4. HP: 24/24 MP: 10/13
  1884 | D:2      | Found a burning altar of Makhleb.
  1951 | D:2      | Noticed Jessica
  1960 | D:2      | Killed Jessica
  2113 | D:2      | Learned a level 3 spell: Mephitic Cloud
  2576 | D:3      | Found Gozag's Platinum Reserve.
  2585 | D:3      | Found an opulent altar of Gozag.
  2610 | D:3      | Noticed Sigmund
  2620 | D:3      | Found a glowing drain.
  2637 | D:3      | Slain by Sigmund

Vault maps used:
D:1:      lightli_arrival_statuegarden
D:2:      overflow_temple_1_default, first_bread, minmay_misc_feat_five,
          uniq_jessica
D:3:      nicolae_gozag_zags_fifth_avenue, gup_sewer_entry_glass, st_stairs_11,
          kennysheep_generic_room_11, uniq_terence, uniq_sigmund

Action                   |  1- 3 |  4- 6 || total
-------------------------+-------+-------++-------
Melee: Short sword       |     4 |       ||     4
       Dagger            |       |     9 ||     9
 Cast: Magic Dart        |    87 |    11 ||    98
       Call Imp          |     5 |    10 ||    15
       Blink             |     1 |     2 ||     3
  Use: Scroll            |     3 |     3 ||     6
  Eat: Chunk             |     3 |     1 ||     4
